 Dungeon Crawl Stone Soup version 0.30-a0-711-gf4ac18a38d (webtiles) character file.

Game seed: 12248356216898404543

121 Darius099 the Covered (level 5, -3/33 HPs)
             Began as a Gargoyle Fighter on Jan 23, 2023.
             Slain by an orc priest
             ... wielding a +2 hand axe of freezing
              (5 damage)
             ... on level 3 of the Dungeon.
             The game lasted 00:02:48 (1156 turns).

Darius099 the Covered (Gargoyle Fighter)            Turns: 1156, Time: 00:02:49

Health: -3/33      AC: 15    Str: 19    XL:     5   Next: 5%
Magic:  5/5        EV:  5    Int:  9    God:
Gold:   192        SH:  4    Dex: 11    Spells: 4/4 levels left

rFire   . . .      SeeInvis .    a - +0 flail
rCold   . . .      Faith    .    c - +0 buckler
rNeg    + . .      Spirit   .    l - +0 plate armour
rPois   ∞          Reflect  .    (no helmet)
rElec   +          Harm     .    (no cloak)
rCorr   .          Rampage  .    (no gloves)
Will    .....                    (no boots) Stlth
                                 (no amulet)
HPRegen 0.25/turn                (no ring)
MPRegen 0.09/turn                (no ring)

@: no status effects
A: sickness immunity, AC +4, negative energy resistance 1, electricity
resistance, torment resistance 1, petrification resistance
a: no special abilities


You were on level 3 of the Dungeon.
You visited 1 branch of the dungeon, and saw 3 of its levels.

You collected 192 gold pieces.

Inventory:

Hand Weapons
 a - a +0 flail (weapon)
Armour
 c - a +0 buckler (worn)
 l - a +0 plate armour (worn)
Scrolls
 b - a scroll of torment {unknown}
 f - a scroll of enchant weapon {unknown}
 i - a scroll of blinking {unknown}
 n - a scroll of teleportation {unknown}
Potions
 d - 2 potions of might
 e - 2 potions of ambrosia
 g - a potion of flight {unknown}
 j - a potion of resistance
 k - a potion of brilliance
 m - a potion of magic


   Skills:
 + Level 4.1 Fighting
 + Level 3.0 Maces & Flails
 + Level 4.2 Armour
 + Level 4.1 Shields


You had 4 spell levels left.
You didn't know any spells.
Your spell library contained the following spells:

 Spells                   Type           Power      Damage    Failure   Level
 Cause Fear               Hex            0%         N/A       100%        4
 Dragon Form              Tmut           0%         N/A       100%        7
 Dragon's Call            Summ           0%         N/A       100%        9


Dungeon Overview and Level Annotations

Branches:
Dungeon (3/15)

Altars:
Trog


Innate Abilities, Weirdness & Mutations

You are immune to sickness and miasma.
Your stone body is resilient. (AC +4)
You are immune to poison.
You resist negative energy. (rN+)
You are resistant to electric shocks. (rElec)
You are resistant to unholy torment.
You are immune to petrification.


Message History

There are monsters nearby!
There are monsters nearby!
There are monsters nearby!
There are monsters nearby!
There are monsters nearby!
You sock the adder!
The adder is severely wounded.
The adder closely misses you. The adder bites you but does no damage.
You hit the adder.
You kill the adder!
Your Maces & Flails skill increases to level 3!
You have reached level 5!
The orc priest calls down the wrath of Beogh upon you.
Beogh smites you!
* * * LOW HITPOINT WARNING * * *
You hit the orc priest.
The orc priest is lightly wounded.
The orc priest looks encouraged for a moment.
An orc comes into view. It is wielding a +0 trident.
You closely miss the orc priest.
The orc priest is lightly wounded.
The orc priest hits you with a +2 hand axe of freezing.
* * * LOW HITPOINT WARNING * * *
The orc priest freezes you.
* * * LOW HITPOINT WARNING * * *
You feel better.
The orc priest begins to cast a cantrip, but forgets the words!
You closely miss the orc priest.
The orc priest is lightly wounded.
The orc priest barely misses you. You block the orc priest's attack.
You hit the orc priest.
The orc priest is moderately wounded.
A hobgoblin comes into view.
The orc hits you from afar with a +0 trident.
* * * LOW HITPOINT WARNING * * *
You barely miss the orc priest.
The orc priest is moderately wounded.
The hobgoblin shouts!
The orc priest hits you with a +2 hand axe of freezing.
You die...

.# .# .# .##
.. .#
##.#######.#
.......<.@o#
##.#######o#
.o# ..# .#.
..#. .g ##
.#


You could see an orc priest, 2 orcs and a hobgoblin.

Vanquished Creatures
  Natasha (twice) (D:2)
  3 adders
  A worm (D:2)
  A dart slug (D:1)
  6 bats
  An endoplasm (D:1)
  3 giant cockroaches
  3 goblins (D:1)
  2 hobgoblins
  4 jackals
  6 kobolds
  A quokka (D:1)
  2 ball pythons
  A frilled lizard (D:2)
  4 rats
  A spectral goblin (D:2)
41 creatures vanquished.

Notes
Turn   | Place    | Note
-------+----------+-------------------------------------------
     0 | D:1      | Darius099 the Gargoyle Fighter began the quest for the Orb.
     0 | D:1      | Reached XP level 1. HP: 14/14 MP: 1/1
    86 | D:1      | Reached XP level 2. HP: 17/19 MP: 2/2
   679 | D:2      | Reached XP level 3. HP: 23/23 MP: 3/3
   686 | D:2      | Found a faded altar of an unknown god.
   836 | D:2      | Noticed Natasha
   840 | D:2      | Killed Natasha
   841 | D:2      | Reached XP level 4. HP: 28/29 MP: 4/4
  1064 | D:2      | Found a bloodstained altar of Trog.
  1079 | D:2      | Noticed Natasha
  1088 | D:2      | Killed Natasha
  1150 | D:3      | Reached XP level 5. HP: 16/33 MP: 5/5
  1152 | D:3      | HP: 1/33 [orc priest/+2 hand axe of freezing (1)]
  1156 | D:3      | Slain by an orc priest

Illustrated notes

Levels and vault maps discovered:
D:1:      mrwooster_arrival_statue_3, layout_rooms, minmay_box_of_dots
D:2:      layout_rooms, dreamdust_ecumenical_altar_drowned_temple, basic_altar,
          uniq_natasha
D:3:      layout_loops_ring, mainiacjoe_overflow_large_starburst,
          grunt_decor_mini_mirrors

Skill      XL: |  1  2  3  4 |
---------------+-------------+-----
Fighting       | 4 |  4.1
Armour         | 4 |  4.2
Shields        | 4 |  4.1
Maces & Flails | 3 |  3.0

Action                     |  1- 3 |  4- 6 || total
---------------------------+-------+-------++-------
  Melee: Flail             |   138 |    34 ||   172
    Use: Scroll            |     5 |     1 ||     6
         Potion            |       |     1 ||     1
 Armour: Scale mail        |    48 |       ||    48
         Plate armour      |    78 |    18 ||    96
  Dodge: Dodged            |    78 |     7 ||    85
  Block: Buckler           |    47 |     8 ||    55

Table legend: (Time is in decaauts)
 A = Elapsed time spent in this place.
 B = Non-inter-level travel time spent in this place.
 C = Inter-level travel time spent in this place.
 D = Time resting spent in this place.
 E = Time spent auto-exploring this place.
 F = Levels seen in this place.
 G = Mean time per level.
                   A        B        C        D        E       F      G
               +--------+--------+--------+--------+--------+-----+--------+
         Total |   1223 |   1199 |     24 |      0 |    746 |   3 |  407.7 |
       Dungeon |   1223 |   1199 |     24 |      0 |    746 |   3 |  407.7 |
               +--------+--------+--------+--------+--------+-----+--------+

Top non-repeatable levels by time:
     D:1: 650 daAuts
     D:2: 556 daAuts
     D:3: 16 daAuts
